 Dungeon Crawl Stone Soup version 0.31-a0-542-gdc2a67831c (webtiles) character file.

Game seed: 3257746254438935152

115 Maratek the Chopper (level 4, 0/38 (40) HPs)
             Began as a Draconian Fighter on Aug 14, 2023.
             Slain by a gnoll sergeant
             ... wielding a +3 spear of flaming
              (1 damage)
             ... on level 3 of the Dungeon.
             The game lasted 00:03:19 (1429 turns).

Maratek the Chopper (Draconian Fighter)             Turns: 1429, Time: 00:03:20

HP:   0/38 (40)     AC:  6    Str: 21    XL:     4   Next: 68%
MP:   4/4           EV: 12    Int:  8    God:
Gold: 83            SH:  4    Dex: 10    Spells: 3/3 levels left

rFire   . . .        a - +0 war axe
rCold   . . .        b - +0 buckler
rNeg    . . .        (body armour unavailable)
rPois   .            (helmet restricted)
rElec   .            (no cloak)
rCorr   .            l - +0 pair of gloves
SInv    .            (no boots)
Will    .....        h - amulet of regeneration
Stlth   +            (no ring)
HPRegen 1.06/turn    (no ring)
MPRegen 0.09/turn

%: no passive effects
@: drained
A: AC +5, unfitting armour, cold-blooded
a: no special abilities


You were on level 3 of the Dungeon.
You visited 1 branch of the dungeon, and saw 3 of its levels.

You collected 128 gold pieces.
You spent 45 gold pieces at shops.

Inventory:

Hand Weapons
 a - a +0 war axe (weapon)
 o - the +4 dagger of Macopheb {antimagic, rN+ rCorr Dex-4}
   (You found it on level 3 of the Dungeon)

   Dex-4:     It affects your dexterity (-4).
   rN+:       It protects you from negative energy.
   rCorr:     It protects you from acid and corrosion.
Armour
 b - a +0 buckler (worn)
 l - a +0 pair of gloves (worn)
Jewellery
 h - an amulet of regeneration (around neck)
Scrolls
 e - 2 scrolls of vulnerability {unknown}
 f - a scroll of poison {unknown}
 g - a scroll of silence {unknown}
 j - a scroll of identify {unknown}
 k - a scroll of enchant weapon {unknown}
 n - a scroll of revelation {unknown}
Potions
 c - 2 potions of might
 d - 2 potions of enlightenment {unknown}
 i - a potion of invisibility {unknown}
 m - 3 potions of heal wounds {unknown}


   Skills:
 + Level 3.7 Fighting
 + Level 3.9 Axes
 + Level 3.3 Dodging
 + Level 3.3 Shields


You had 3 spell levels left.
You didn't know any spells.
Your spell library was empty.

Dungeon Overview and Level Annotations

Branches:
Dungeon (3/15)

Altars:
Uskayaw
Zin

Shops:
D:2 [


Innate Abilities, Weirdness & Mutations

Your plain brown scales are hard. (AC +5)
You cannot fit into any form of body armour.
You are cold-blooded and may be slowed by cold attacks.


Message History

You closely miss the gnoll. The gnoll closely misses you.
You slash the gnoll!
You kill the gnoll!
A gnoll sergeant comes into view. It is wielding a +3 spear of flaming.
The gnoll hits you with a +0 flail.
You closely miss the gnoll.
The gnoll sergeant shouts!
The gnoll barely misses you.
You slash the gnoll! You tail-slap the gnoll.
You kill the gnoll!
The gnoll hits you with a +0 heavy flail!
You slash the gnoll!
The gnoll is almost dead.
You block the gnoll's attack.
You closely miss the gnoll.
The gnoll is almost dead.
You block the gnoll's attack.
A gnoll comes into view. It is wielding a +0 spear.
The gnoll barely misses you.
You barely miss the gnoll.
The gnoll is almost dead.
The gnoll shouts!
The gnoll barely misses you. x2
You closely miss the gnoll.
The gnoll is almost dead.
The gnoll barely misses you.
The gnoll sergeant hits you from afar with a +3 spear of flaming!
The gnoll sergeant burns you.
You closely miss the gnoll.
The gnoll is almost dead.
The gnoll hits you but does no damage.
The gnoll sergeant hits you from afar with a +3 spear of flaming!
The gnoll sergeant burns you.
* * * LOW HITPOINT WARNING * * *
You barely miss the gnoll. You tail-slap the gnoll.
You kill the gnoll!
The gnoll sergeant hits you from afar with a +3 spear of flaming!
* * * LOW HITPOINT WARNING * * *
The gnoll sergeant burns you.
You die...

..##
.(....##......###...##
### ......##........
.#.# #
####............. # #
##.........#..# #
##........##.. ####
###......## ...#
#........# ...#
#........# ...#
#@##...... ...# ♣)♣
#..#.# ...# ♣g♣ )##..
...#


.gg ## ..)# ♣...♣ ...# ..... ..... ♣)..♣.♣ #####. .[♣.... ........) You could
see a gnoll sergeant and 2 gnolls.

Vanquished Creatures
  4 gnolls (D:3)
  2 adders
  An ufetubus (D:3)
  A dart slug (D:3)
  3 orcs (D:3)
  4 endoplasms
  A giant cockroach (D:3)
  7 hobgoblins
  7 jackals
  6 kobolds
  4 quokkas
  4 ball pythons (D:1)
  4 bats
  A frilled lizard (D:1)
  5 goblins
  2 rats
56 creatures vanquished.

Notes
Turn   | Place    | Note
-------+----------+-------------------------------------------
     0 | D:1      | Maratek the Draconian Fighter began the quest for the Orb.
     0 | D:1      | Reached XP level 1. HP: 19/19 MP: 1/1
   194 | D:1      | Reached XP level 2. HP: 11/26 MP: 2/2
   707 | D:1      | Reached XP level 3. HP: 31/31 MP: 3/3
   848 | D:2      | Found a hide-covered altar of Uskayaw.
  1015 | D:2      | Found Rorghiax's Armour Shoppe.
  1015 | D:2      | Noticed an animated storm dragon scales
  1015 | D:2      | Noticed an animated shadow dragon scales
  1025 | D:2      | Bought a +0 pair of gloves for 45 gold pieces
  1296 | D:3      | Reached XP level 4. HP: 40/40 MP: 4/4
  1342 | D:3      | Found a glowing silver altar of Zin.
  1343 | D:3      | Identified the +4 dagger of Macopheb {antimagic, rN+ rCorr
                  | Dex-4}
  1421 | D:3      | Noticed a gnoll sergeant
  1429 | D:3      | HP: 1/38 [gnoll sergeant/+3 spear of flaming (8)]
  1429 | D:3      | Slain by a gnoll sergeant

Illustrated notes

Levels and vault maps discovered:
D:1:      evilmike_arrival_rings, layout_rooms, minmay_misc_feat_tiny,
          minmay_strange_pillars
D:2:      layout_rooms, serial_shops, nicolae_shop_mannequins, basic_altar
D:3:      layout_rooms, mainiacjoe_overflow_chevrons,
          pf_guarded_unrand_woodcutter

Skill      XL: |  1  2  3 |
---------------+----------+-----
Dodging        | 3 |  3.3
Axes           | 3 |  3.9
Fighting       | |  3.7
Shields        | |  3.3

Action                     |  1- 3 |  4- 6 || total
---------------------------+-------+-------++-------
  Melee: War axe           |   108 |    33 ||   141
         Tailslap          |    10 |     6 ||    16
 Armour: Skin              |    43 |     3 ||    46
  Dodge: Dodged            |    97 |    19 ||   116
  Block: Buckler           |    37 |     5 ||    42

Table legend: (Time is in decaauts)
 A = Elapsed time spent in this place.
 B = Non-inter-level travel time spent in this place.
 C = Inter-level travel time spent in this place.
 D = Time resting spent in this place.
 E = Time spent auto-exploring this place.
 F = Levels seen in this place.
 G = Mean time per level.
                   A        B        C        D        E       F      G
               +--------+--------+--------+--------+--------+-----+--------+
         Total |   1489 |   1455 |     34 |      0 |    959 |   3 |  496.3 |
       Dungeon |   1489 |   1455 |     34 |      0 |    959 |   3 |  496.3 |
               +--------+--------+--------+--------+--------+-----+--------+

Top non-repeatable levels by time:
     D:1: 825 daAuts
     D:2: 446 daAuts
     D:3: 217 daAuts
